[Event "ICC tourney 3263 (30 10)"]
[Site "Internet Chess Club"]
[Date "2023.08.19"]
[Round "1"]
[White "BAI, JEFFREY:Jeffchess"]
[Black "VUYYURU, SHRIYAN:loudcertainlava"]
[Result "0-1"]
[ICCResult "White checkmated"]
[WhiteElo "1322"]
[BlackElo "1607"]
[Opening "French: Steinitz, Gledhill attack"]
[ECO "C11"]
[NIC "FR.04"]
[Time "12:01:55"]
[PlyCount "78"]
[TimeControl "1800+10"]

1. e4 e6 2. d4 d5 3. Nc3 Nf6 4. e5 Nfd7 5. Qg4 c5 6. Bg5 Qb6 7. O-O-O cxd4
8. Na4 Qa5 9. Qxd4 Nc6 10. Bd2 Qd8 11. Qe3 Ndxe5 12. f4 Ng4 13. Qg3 Nf6 14.
Bc3 Ne4 15. Qe1 Nxc3 16. Nxc3 Bb4 17. a3 Bxc3 18. Qxc3 O-O 19. Nf3 Bd7 20.
h4 Rc8 21. Bd3 Na5 22. Qd4 Nb3+ 23. Kb1 Nxd4 24. Nxd4 Qf6 25. g4 Qxf4 26. g5
g6 27. h5 Qxd4 28. hxg6 fxg6 29. Rh6 Qg7 30. Rdh1 Be8 31. Ka2 Bf7 32. a4 e5
33. c4 dxc4 34. Bb1 c3+ 35. b3 c2 36. Bxc2 Rxc2+ 37. Ka3 Bd5 38. R1h4 Qe7+
39. b4 Rf3# {White checkmated} 0-1

[Event "ICC tourney 3263 (30 10)"]
[Site "Internet Chess Club"]
[Date "2023.08.19"]
[Round "1"]
[White "TJIPTO, GAVIN:akudakudaku"]
[Black "ANGEL, BORYS:BArkadia"]
[Result "1-0"]
[ICCResult "Black resigns"]
[WhiteElo "1654"]
[BlackElo "1360"]
[Opening "Two knights defense"]
[ECO "C55"]
[NIC "KP.02"]
[Time "12:00:22"]
[PlyCount "125"]
[TimeControl "1800+10"]

1. e4 e5 2. Nf3 Nc6 3. Bc4 Nf6 4. d4 exd4 5. O-O d6 6. Nxd4 Be7 7. Nc3 O-O
8. h3 Ne5 9. Bb3 c5 10. Nf3 c4 11. Nxe5 cxb3 12. Nc4 bxc2 13. Qxc2 Be6 14.
Ne3 Rc8 15. Rd1 b5 16. Qe2 b4 17. Ncd5 Nxe4 18. Nxb4 f5 19. Ned5 Bf6 20. f3
Nc5 21. Be3 Re8 22. Nxf6+ Qxf6 23. Rxd6 Qe5 24. Rc6 f4 25. Rxc5 Rxc5 26. Nd3
Qxe3+ 27. Qxe3 fxe3 28. Nxc5 Bxa2 29. Rxa2 e2 30. Nd3 e1=Q+ 31. Nxe1 Rxe1+
32. Kf2 Re7 33. g4 Kf7 34. Ra6 g6 35. Kg3 h6 36. h4 g5 37. Rxh6 gxh4+ 38.
Rxh4 Kg6 39. Rh5 Rb7 40. Ra5 Rxb2 41. Rxa7 Rb3 42. Ra6+ Kg5 43. Re6 Rc3 44.
Re5+ Kf6 45. Rf5+ Kg6 46. Kh4 Re3 47. f4 Rf3 48. Rg5+ Kf6 49. f5 Rf4 50.
Rg6+ Kf7 51. Kg5 Rd4 52. Ra6 Rd7 53. Kh6 Rd8 54. Kh7 Rd7 55. g5 Kf8+ 56. Kh6
Kg8 57. g6 Rd8 58. Ra7 Rf8 59. f6 Rxf6 60. Ra8+ Rf8 61. Rxf8+ Kxf8 62. Kh7
Ke7 63. g7 {Black resigns} 1-0

[Event "ICC tourney 3263 (30 10)"]
[Site "Internet Chess Club"]
[Date "2023.08.19"]
[Round "1"]
[White "WILSON, DARRYL J:Combo4U2"]
[Black "JAIN, ANKITA:AnkitaJ"]
[Result "0-1"]
[ICCResult "White resigns"]
[WhiteElo "1201"]
[BlackElo "1542"]
[Opening "Giuoco Piano"]
[ECO "C53"]
[NIC "IG.02"]
[Time "12:00:23"]
[PlyCount "156"]
[TimeControl "1800+10"]

1. e4 e5 2. Nf3 Nc6 3. Bc4 Bc5 4. c3 d6 5. d3 h6 6. a3 Nf6 7. O-O Bg4 8. h3
Bh5 9. Nbd2 O-O 10. Qc2 a6 11. b4 Bb6 12. Bb2 Re8 13. Nh2 Bg6 14. Kh1 Nh5
15. g3 Ne7 16. Ndf3 c6 17. Ba2 Bc7 18. Rad1 d5 19. Kg2 Nf6 20. Rfe1 Nc8 21.
Nd2 Nd6 22. f3 dxe4 23. dxe4 Qe7 24. Ng4 Nxg4 25. hxg4 Rad8 26. c4 Nc8 27.
c5 Na7 28. a4 b6 29. Nb3 b5 30. a5 Nc8 31. Rxd8 Rxd8 32. Rd1 Kf8 33. Rxd8+
Qxd8 34. Qd2 Qe8 35. Nc1 f6 36. Ne2 Bf7 37. Bb1 Bc4 38. Bc3 Qe6 39. Bd3 Ke8
40. Nc1 Ne7 41. Qc2 Ng6 42. Bd2 Bxd3 43. Nxd3 Nf8 44. Kh3 Qd7 45. f4 Ne6 46.
Be3 Nd4 47. Bxd4 Qxd4 48. Qe2 Qg1 49. Qg2 Qe3 50. Nf2 exf4 51. Nh1 fxg3 52.
e5 Kd7 53. Qxg3 Qxe5 54. Qd3+ Ke7 55. Qd2 h5 56. Qg2 hxg4+ 57. Kxg4 Qg5+ 58.
Kf3 Qxg2+ 59. Kxg2 Be5 60. Nf2 Bc3 61. Nd3 Ke6 62. Kf3 Kd5 63. Ke3 Kc4 64.
Nf4 Bxb4 65. Ne6 Bxc5+ 66. Ke4 b4 67. Nxg7 b3 68. Ne8 b2 69. Nxf6 b1=Q+ 70.
Kf4 Qf1+ 71. Ke5 Bd4+ 72. Kd6 Qxf6+ 73. Kc7 Qe7+ 74. Kxc6 Qc5+ 75. Kb7 Qxa5
76. Kc6 Qc5+ 77. Kd7 Be5 78. Ke6 a5 {White resigns} 0-1

[Event "ICC tourney 3263 (30 10)"]
[Site "Internet Chess Club"]
[Date "2023.08.19"]
[Round "1"]
[White "Bharathy Mohan, Aarav Sai:aaravbm"]
[Black ":ChesserDaniel"]
[Result "1/2-1/2"]
[ICCResult "Game drawn by repetition"]
[WhiteElo "1504"]
[BlackElo "1126"]
[Opening "Sicilian: Alapin's variation (2.c3)"]
[ECO "B22"]
[NIC "SI.46"]
[Time "12:00:24"]
[PlyCount "101"]
[TimeControl "1800+10"]

1. e4 c5 2. c3 e6 3. d4 cxd4 4. cxd4 d6 5. Nc3 a6 6. Nf3 Be7 7. Bf4 b5 8. a3
Bb7 9. Bd3 Nd7 10. h3 Ngf6 11. O-O O-O 12. Re1 Rc8 13. Rc1 Qb6 14. Qe2 Rfe8
15. Rc2 Bf8 16. Rec1 e5 17. dxe5 dxe5 18. Be3 Bc5 19. Bxc5 Nxc5 20. Qe3 Qd6
21. Rd1 Nxd3 22. Rxd3 Qc6 23. Re2 a5 24. Nd5 Nxd5 25. exd5 Qc1+ 26. Qxc1
Rxc1+ 27. Kh2 e4 28. Rd4 Rcc8 29. Ng5 Rcd8 30. Nxe4 Bxd5 31. Nf6+ gxf6 32.
Rxe8+ Rxe8 33. Rxd5 Re5 34. Rxe5 fxe5 35. Kg3 Kg7 36. f4 Kf6 37. Kf3 h5 38.
fxe5+ Kxe5 39. Ke3 f6 40. g3 f5 41. b3 b4 42. a4 Kd5 43. Kd3 Kc5 44. Ke3 Kd5
45. Kd3 Kc5 46. Ke3 Kd5 47. Kd3 Kc5 48. Ke3 Kd5 49. Kd3 Kc5 50. Ke3 Kd5 51.
Kd3 {Game drawn by repetition} 1/2-1/2

[Event "ICC tourney 3263 (30 10)"]
[Site "Internet Chess Club"]
[Date "2023.08.19"]
[Round "1"]
[White "Udeshi, Rishabh:rishabhchess"]
[Black "TRIPATHY, SIDDHARTH KESHAV:Sid907"]
[Result "1-0"]
[ICCResult "Black forfeits on time"]
[WhiteElo "1575"]
[BlackElo "1224"]
[Opening "QGD: 4.Bg5 Be7"]
[ECO "D53"]
[NIC "QO.13"]
[Time "12:00:24"]
[PlyCount "161"]
[TimeControl "1800+10"]

1. d4 d5 2. c4 e6 3. Nc3 Nf6 4. Bg5 Be7 5. e3 c6 6. Nf3 O-O 7. Bd3 Nbd7 8.
O-O Re8 9. Qc2 h6 10. Bh4 Qc7 11. cxd5 exd5 12. Bg3 Qb6 13. h3 Nf8 14. Na4
Qd8 15. Nc5 Ne6 16. b4 Nxc5 17. dxc5 Be6 18. Nd4 Bd7 19. a4 a6 20. Rfb1 b5
21. axb5 axb5 22. Ra2 Rxa2 23. Qxa2 Qa8 24. Ra1 Qc8 25. Qa6 Nh5 26. Qxc8
Rxc8 27. Bh2 Nf6 28. Ra7 Kf8 29. Be5 Ke8 30. Bf5 Bxf5 31. Nxf5 Bf8 32. Bd6
Ne4 33. Be7 g6 34. Nd6+ Nxd6 35. cxd6 Rb8 36. Rc7 Bxe7 37. Rxe7+ Kf8 38. Rc7
Rd8 39. Rxc6 Ke8 40. Rb6 Kd7 41. Kf1 Ke6 42. d7+ Kxd7 43. Rxb5 Kc6 44. Rc5+
Kb6 45. Ke2 d4 46. e4 d3+ 47. Kd2 Rd4 48. Rc8 Rxe4 49. Kxd3 Re7 50. Rb8+ Kc7
51. Rb5 Rd7+ 52. Ke3 Kc6 53. Rc5+ Kb6 54. Rc4 Kb5 55. Re4 Kc6 56. Kf4 Rd5
57. Rc4+ Kb6 58. Ke4 Rf5 59. f4 Rb5 60. g4 f5+ 61. Kf3 Kb7 62. Rd4 Kc6 63.
Kg3 Kc7 64. gxf5 Rxf5 65. Re4 Kd6 66. Re8 Rf6 67. Ra8 Kd5 68. b5 Kc5 69. Ra6
Rf5 70. Rxg6 Kxb5 71. Rxh6 Kc4 72. Kg4 Rd5 73. f5 Rd1 74. Kg5 Rg1+ 75. Kf6
Kd5 76. Ke7 Re1+ 77. Re6 Rf1 78. f6 Ra1 79. Rd6+ Ke5 80. f7 Rf1 81. Rd8
{Black forfeits on time}
1-0

[Event "ICC tourney 3263 (30 10)"]
[Site "Internet Chess Club"]
[Date "2023.08.19"]
[Round "2"]
[White "VUYYURU, SHRIYAN:loudcertainlava"]
[Black "Norena, Jonathan:jonathan7891"]
[Result "1-0"]
[ICCResult "Black resigns"]
[WhiteElo "1607"]
[BlackElo "1045"]
[Opening "Queen's pawn game"]
[ECO "D02"]
[NIC "QP.09"]
[Time "14:00:27"]
[PlyCount "61"]
[TimeControl "1800+10"]

1. Nf3 d5 2. d4 Bf5 3. e3 e6 4. c4 c6 5. Nc3 Na6 6. a3 Nc7 7. Bd2 Nf6 8. c5
Be7 9. b4 a6 10. a4 O-O 11. Ne5 Nce8 12. Be2 b6 13. Nxc6 Qc7 14. Nxe7+ Qxe7
15. cxb6 Ne4 16. Nxe4 Bxe4 17. O-O Qg5 18. f3 Bg6 19. Rc1 Qd8 20. a5 Nf6 21.
Qa4 Qb8 22. Rc3 Rc8 23. Rxc8+ Qxc8 24. Rc1 Qe8 25. Qxe8+ Rxe8 26. Bxa6 Rb8
27. b7 Nd7 28. Rc8+ Rxc8 29. bxc8=Q+ Nf8 30. b5 h5 31. Bb4 {Black resigns}
1-0

[Event "ICC tourney 3263 (30 10)"]
[Site "Internet Chess Club"]
[Date "2023.08.19"]
[Round "2"]
[White "JAIN, ANKITA:AnkitaJ"]
[Black "TJIPTO, GAVIN:akudakudaku"]
[Result "1-0"]
[ICCResult "Black checkmated"]
[WhiteElo "1542"]
[BlackElo "1654"]
[Opening "QGD: Marshall defense"]
[ECO "D06"]
[NIC "QP.08"]
[Time "14:00:41"]
[PlyCount "69"]
[TimeControl "1800+10"]

1. d4 d5 2. c4 Nf6 3. Nf3 Bf5 4. e3 e6 5. Nc3 c6 6. Nh4 Bg6 7. Nxg6 hxg6 8.
Bd3 Nbd7 9. f4 c5 10. cxd5 exd5 11. Bb5 a6 12. Be2 Nh5 13. O-O Qh4 14. h3
Ng3 15. Rf3 Nf6 16. Bd2 Be7 17. Be1 Nxe2+ 18. Qxe2 Qh5 19. Rd1 c4 20. e4
dxe4 21. Nxe4 Rc8 22. Nd6+ Kd7 23. Nxc8 Rxc8 24. Rc1 b5 25. b3 Ba3 26. Rc2
Re8 27. Qf1 Nd5 28. Qf2 cxb3 29. axb3 Nxf4 30. Rxf4 Qd1 31. Rxf7+ Kd8 32.
Qh4+ Be7 33. Qe4 Qa1 34. Qd5+ Bd6 35. Qxd6# {Black checkmated} 1-0

[Event "ICC tourney 3263 (30 10)"]
[Site "Internet Chess Club"]
[Date "2023.08.19"]
[Round "2"]
[White "WU, DARREN:chessboy111"]
[Black "Bharathy Mohan, Aarav Sai:aaravbm"]
[Result "1-0"]
[ICCResult "Black checkmated"]
[WhiteElo "1369"]
[BlackElo "1504"]
[Opening "Caro-Kann: exchange variation"]
[ECO "B13"]
[NIC "CK.02"]
[Time "14:00:37"]
[PlyCount "57"]
[TimeControl "1800+10"]

1. e4 c6 2. d4 d5 3. exd5 cxd5 4. Bd3 Nf6 5. h3 Nc6 6. c3 e6 7. Nf3 h6 8.
Bf4 Bd6 9. Bxd6 Qxd6 10. O-O O-O 11. Re1 Qc7 12. Nbd2 Bd7 13. Ne5 Rfc8 14.
f4 Qb6 15. Nb3 Rd8 16. g4 Nxe5 17. fxe5 Ne8 18. Rf1 Nc7 19. Qf3 Rf8 20. g5
hxg5 21. Qh5 g6 22. Qxg5 Ne8 23. Rf4 Kg7 24. Raf1 Qd8 25. Rxf7+ Rxf7 26.
Qxg6+ Kh8 27. Qh5+ Kg8 28. Qxf7+ Kh8 29. Qh7# {Black checkmated} 1-0

[Event "ICC tourney 3263 (30 10)"]
[Site "Internet Chess Club"]
[Date "2023.08.19"]
[Round "2"]
[White "ZHANG, ARI:brass60Six"]
[Black "Udeshi, Rishabh:rishabhchess"]
[Result "1/2-1/2"]
[ICCResult "Game drawn by mutual agreement"]
[WhiteElo "1387"]
[BlackElo "1575"]
[Opening "Nimzo-Indian: classical, Noa variation"]
[ECO "E34"]
[NIC "NI.23"]
[Time "14:01:39"]
[PlyCount "128"]
[TimeControl "1800+10"]

1. d4 Nf6 2. c4 e6 3. Nc3 Bb4 4. Qc2 d5 5. e3 c5 6. Nf3 Nc6 7. cxd5 cxd4 8.
dxc6 dxc3 9. bxc3 Bd6 10. e4 Qc7 11. cxb7 Bxb7 12. Bd3 Rc8 13. Bd2 Be5 14.
Rc1 O-O 15. O-O Rfd8 16. Rfe1 Qd6 17. Nxe5 Qxe5 18. Rcd1 Qc5 19. c4 Ba6 20.
Be3 Qc7 21. Bg5 h6 22. Bxf6 gxf6 23. Qc1 Bxc4 24. Bxc4 Rxd1 25. Rxd1 Qxc4
26. Rd8+ Rxd8 27. Qxc4 Rd1+ 28. Qf1 Rxf1+ 29. Kxf1 Kg7 30. Ke2 Kg6 31. Kf3
f5 32. Kf4 fxe4 33. Kxe4 f6 34. f3 Kg5 35. g3 h5 36. h4+ Kg6 37. f4 Kf7 38.
f5 Ke7 39. fxe6 Kxe6 40. Kf4 a5 41. a4 Kd5 42. g4 hxg4 43. Kxg4 Ke5 44. h5
f5+ 45. Kg5 Ke6 46. h6 Kf7 47. Kxf5 Kg8 48. Kg6 Kh8 49. Kh5 Kh7 50. Kg5 Kh8
51. Kf5 Kh7 52. Ke5 Kxh6 53. Kd5 Kg7 54. Kc5 Kf8 55. Kb5 Ke8 56. Kxa5 Kd8
57. Kb6 Kc8 58. Kc6 Kb8 59. Kb6 Ka8 60. a5 Kb8 61. a6 Ka8 62. Kb5 Ka7 63.
Ka5 Ka8 64. Kb6 Kb8 {Game drawn by mutual agreement} 1/2-1/2

[Event "ICC tourney 3263 (30 10)"]
[Site "Internet Chess Club"]
[Date "2023.08.19"]
[Round "2"]
[White "TRIPATHY, SIDDHARTH KESHAV:Sid907"]
[Black "BAI, JEFFREY:Jeffchess"]
[Result "1/2-1/2"]
[ICCResult "Game drawn by repetition"]
[WhiteElo "1224"]
[BlackElo "1322"]
[Opening "Scandinavian: Icelandic gambit"]
[ECO "B01"]
[NIC "SD.03"]
[Time "14:00:42"]
[PlyCount "162"]
[TimeControl "1800+10"]

1. e4 d5 2. exd5 Nf6 3. c4 e6 4. dxe6 Bxe6 5. Nf3 Nc6 6. Be2 Bc5 7. O-O O-O
8. b3 Bd4 9. Nxd4 Qxd4 10. Nc3 Rad8 11. a3 Ng4 12. h3 Nge5 13. Qc2 Ne7 14.
Qe4 Nf5 15. Qxb7 Rb8 16. Qe4 Qxe4 17. Nxe4 Nd4 18. Bd1 Nd3 19. Ng5 Rb6 20.
Nf3 Nxb3 21. Bxb3 Rxb3 22. Nd4 Rb6 23. Nxe6 Rxe6 24. a4 Re2 25. Ba3 c5 26.
Rab1 Rc8 27. Rb7 Rxd2 28. Rd7 Kf8 29. Rxa7 Rc2 30. Ra1 Nxf2 31. Rf1 Nxh3+
32. gxh3 f6 33. Rf5 Rxc4 34. Ra5 Kf7 35. Rf3 Rd8 36. Bxc5 Rd2 37. Ra7+ Kg6
38. Bf2 Rcc2 39. a5 Ra2 40. Kg2 h5 41. Kg3 h4+ 42. Kg2 f5 43. Ra6+ Kg5 44.
Ra8 g6 45. a6 f4 46. a7 Rdb2 47. Kg1 Rb1+ 48. Kg2 Rba1 49. Rf8 Ra4 50. Rh8
R1a2 51. Kg1 Ra1+ 52. Kg2 R1a2 53. Kf1 Kf5 54. Rxh4 g5 55. Rh8 Ke4 56. Kg2
Rxa7 57. Re8+ Kf5 58. Rf8+ Kg6 59. Kf1 Rb7 60. Re8 Rb1+ 61. Re1 Rbb2 62. h4
Kf5 63. hxg5 Kg4 64. Kg2 Kxg5 65. Re5+ Kf6 66. Re4 Kg5 67. Rexf4 Re2 68.
Rf5+ Kg6 69. Rf6+ Kg7 70. Rf7+ Kg6 71. Rf8 Kg7 72. Kg3 Red2 73. R3f7+ Kg6
74. Be3 Rd3 75. Kf3 Raa3 76. Rf6+ Kg7 77. R6f7+ Kg6 78. Rf6+ Kg7 79. R8f7+
Kg8 80. Rf8+ Kg7 81. R6f7+ Kg6 {Game drawn by repetition} 1/2-1/2

[Event "ICC tourney 3263 (30 10)"]
[Site "Internet Chess Club"]
[Date "2023.08.19"]
[Round "3"]
[White "BAI, JEFFREY:Jeffchess"]
[Black ":ChesserDaniel"]
[Result "1-0"]
[ICCResult "Black resigns"]
[WhiteElo "1322"]
[BlackElo "1126"]
[Opening "Sicilian: closed"]
[ECO "B23"]
[NIC "SI.44"]
[Time "16:00:10"]
[PlyCount "75"]
[TimeControl "1800+10"]

1. e4 c5 2. Nc3 e6 3. f4 d6 4. Nf3 Nc6 5. Bb5 a6 6. Bxc6+ bxc6 7. O-O Nf6 8.
e5 dxe5 9. fxe5 Nd5 10. Ne4 Be7 11. c4 Nb6 12. Nfg5 Qd4+ 13. Kh1 O-O 14. Qh5
h6 15. Nf6+ Bxf6 16. exf6 Qd3 17. Rf3 Qg6 18. Qxg6 fxg6 19. Ne4 Nxc4 20. Rc3
Ne5 21. Rxc5 gxf6 22. d4 Nd3 23. Rc3 Nxc1 24. Raxc1 f5 25. Nd6 Bd7 26. Nc4
Rab8 27. Ne5 Be8 28. b3 Rd8 29. Rc4 a5 30. h3 Rd5 31. Re1 Rf6 32. Kh2 f4 33.
Ng4 Rff5 34. Nxh6+ Kg7 35. Nxf5+ Rxf5 36. Rxe6 Bf7 37. Re7 Rf6 38. Rc5
{Black resigns}
1-0

[Event "ICC tourney 3263 (30 10)"]
[Site "Internet Chess Club"]
[Date "2023.08.19"]
[Round "3"]
[White "JAIN, ANKITA:AnkitaJ"]
[Black "VUYYURU, SHRIYAN:loudcertainlava"]
[Result "1-0"]
[ICCResult "Black checkmated"]
[WhiteElo "1542"]
[BlackElo "1607"]
[Opening "QGD: 3...Nf6"]
[ECO "D35"]
[NIC "QO.16"]
[Time "16:00:11"]
[PlyCount "87"]
[TimeControl "1800+10"]

1. d4 e6 2. c4 d5 3. Nc3 Nf6 4. e3 Be7 5. Nf3 O-O 6. Bd3 Nbd7 7. O-O Re8 8.
b3 c6 9. Bb2 Nf8 10. Ne5 Ng6 11. f4 Bd7 12. g4 dxc4 13. bxc4 Bb4 14. g5 Bxc3
15. Bxc3 Rc8 16. gxf6 Qxf6 17. Nxd7 Qe7 18. Ne5 Nxe5 19. dxe5 Rcd8 20. Qc2
g6 21. Rad1 Qh4 22. Qf2 Qe7 23. e4 b6 24. Kh1 Qa3 25. Qb2 Qc5 26. Bb4 Qe3
27. Bd6 c5 28. Qf2 Qh3 29. f5 exf5 30. exf5 Rd7 31. Be4 Rc8 32. Qg3 Qh6 33.
fxg6 hxg6 34. Bf5 g5 35. Bxd7 Rd8 36. Be7 Rxd7 37. Rxd7 Qc6+ 38. Rd5 Qg6 39.
e6 Qe4+ 40. Qg2 Qxg2+ 41. Kxg2 fxe6 42. Rxg5+ Kh7 43. Rf3 e5 44. Rh3#
{Black checkmated}
1-0

[Event "ICC tourney 3263 (30 10)"]
[Site "Internet Chess Club"]
[Date "2023.08.19"]
[Round "3"]
[White "ANGEL, BORYS:BArkadia"]
[Black "TRIPATHY, SIDDHARTH KESHAV:Sid907"]
[Result "1-0"]
[ICCResult "Black resigns"]
[WhiteElo "1360"]
[BlackElo "1224"]
[Opening "Sicilian: classical"]
[ECO "B58"]
[NIC "SI.25"]
[Time "16:00:15"]
[PlyCount "59"]
[TimeControl "1800+10"]

1. e4 c5 2. Nf3 d6 3. d4 cxd4 4. Nxd4 Nf6 5. Nc3 Nc6 6. Be2 a6 7. Be3 g6 8.
f4 Qb6 9. h3 Qxb2 10. Na4 Qb4+ 11. c3 Qa5 12. Nxc6 Qc7 13. Nd4 b5 14. O-O
bxa4 15. e5 Nd5 16. exd6 Nxe3 17. dxc7 Nxd1 18. Rfxd1 Bd7 19. Rab1 Rc8 20.
Bxa6 Rxc7 21. Rb8+ Bc8 22. Bxc8 e6 23. Kh1 Ke7 24. Nb5 Rc5 25. Rd7+ Kf6 26.
Rbb7 Kg7 27. Rxf7+ Kh6 28. g4 Rxc8 29. Rxh7+ Rxh7 30. g5+ {Black resigns}
1-0

[Event "ICC tourney 3263 (30 10)"]
[Site "Internet Chess Club"]
[Date "2023.08.19"]
[Round "3"]
[White "Norena, Jonathan:jonathan7891"]
[Black "Bharathy Mohan, Aarav Sai:aaravbm"]
[Result "0-1"]
[ICCResult "White resigns"]
[WhiteElo "1045"]
[BlackElo "1504"]
[Opening "Queen's pawn, Mason variation"]
[ECO "D00"]
[NIC "QP.08"]
[Time "16:00:10"]
[PlyCount "78"]
[TimeControl "1800+10"]

1. d4 d5 2. Bf4 Nf6 3. e3 Bf5 4. c4 c6 5. cxd5 cxd5 6. Nc3 e6 7. a3 Nc6 8.
Nb5 Rc8 9. Nf3 a6 10. Nc3 Bd6 11. Bg3 h6 12. Ne5 Bxe5 13. Bxe5 Nxe5 14. dxe5
Nd7 15. f4 Qb6 16. Qd2 Nc5 17. Rd1 Bg4 18. Ne2 Nb3 19. Qd3 Bf5 20. e4 Bxe4
21. Qg3 Rg8 22. Nc3 Bc2 23. Nxd5 exd5 24. Rxd5 Be4 25. Rd6 Rc1+ 26. Ke2 Nd4+
27. Kd2 Qxb2+ 28. Ke3 Nf5+ 29. Kxe4 Nxg3+ 30. hxg3 Rxf1 31. Rxf1 Qe2+ 32.
Kf5 Qxf1 33. e6 fxe6+ 34. Rxe6+ Kf7 35. Rb6 Qd3+ 36. Kg4 Qd7+ 37. Kf3 Re8
38. g4 Qd3+ 39. Kf2 Qd4+ {White resigns} 0-1

[Event "ICC tourney 3263 (30 10)"]
[Site "Internet Chess Club"]
[Date "2023.08.19"]
[Round "3"]
[White "Udeshi, Rishabh:rishabhchess"]
[Black "WU, DARREN:chessboy111"]
[Result "0-1"]
[ICCResult "White resigns"]
[WhiteElo "1575"]
[BlackElo "1369"]
[Opening "Nimzo-Indian: classical variation"]
[ECO "E32"]
[NIC "NI.24"]
[Time "16:00:25"]
[PlyCount "58"]
[TimeControl "1800+10"]

1. d4 Nf6 2. c4 e6 3. Nc3 Bb4 4. Qc2 O-O 5. e4 d5 6. e5 Ne4 7. Bd3 c5 8.
dxc5 f5 9. exf6 Nxf6 10. Nf3 Bxc5 11. O-O Nc6 12. a3 a5 13. Bg5 h6 14. Bh4
Be7 15. Rfe1 Nh5 16. Bxe7 Nxe7 17. Rad1 Qc7 18. Nb5 Qf4 19. cxd5 Nxd5 20.
Re4 Qf6 21. Rde1 Nhf4 22. Nfd4 Nxd3 23. Qxd3 Qxf2+ 24. Kh1 Nf4 25. Qc2 Qxc2
26. Nxc2 Nd3 27. Kg1 Nxe1 28. Rxe1 Bd7 29. Nc7 Rac8 {White resigns} 0-1

[Event "ICC tourney 3263 (30 10)"]
[Site "Internet Chess Club"]
[Date "2023.08.19"]
[Round "4"]
[White "WU, DARREN:chessboy111"]
[Black "TJIPTO, GAVIN:akudakudaku"]
[Result "1-0"]
[ICCResult "Black resigns"]
[WhiteElo "1369"]
[BlackElo "1654"]
[Opening "Ruy Lopez: classical defense, 4.c3"]
[ECO "C64"]
[NIC "RL.01"]
[Time "18:00:15"]
[PlyCount "61"]
[TimeControl "1800+10"]

1. e4 e5 2. Nf3 Nc6 3. Bb5 Bc5 4. c3 a6 5. Ba4 Nf6 6. d3 h6 7. Bxc6 dxc6 8.
Nxe5 O-O 9. O-O Re8 10. Nf3 Bg4 11. h3 Bh5 12. d4 Bb6 13. e5 Nd5 14. Be3 Qd7
15. Nbd2 Re6 16. Qb3 Rg6 17. Kh2 Re6 18. g4 Bg6 19. c4 Nxe3 20. fxe3 Kh8 21.
Qc3 Rd8 22. c5 Ba7 23. e4 b6 24. b4 Bh7 25. Rad1 f6 26. Qc2 fxe5 27. Nxe5
Qxd4 28. Ndf3 Bxe4 29. Rxd4 Bxc2 30. Rxd8+ Kh7 31. Ra8 {Black resigns} 1-0

[Event "ICC tourney 3263 (30 10)"]
[Site "Internet Chess Club"]
[Date "2023.08.19"]
[Round "4"]
[White "VUYYURU, SHRIYAN:loudcertainlava"]
[Black "WILSON, DARRYL J:Combo4U2"]
[Result "0-1"]
[ICCResult "White checkmated"]
[WhiteElo "1607"]
[BlackElo "1201"]
[Opening "QGD semi-Slav: 5.e3"]
[ECO "D45"]
[NIC "SL.08"]
[Time "18:00:18"]
[PlyCount "130"]
[TimeControl "1800+10"]

1. d4 d5 2. c4 e6 3. Nc3 c6 4. e3 Nf6 5. Nf3 Bb4 6. Bd2 Bxc3 7. Bxc3 O-O 8.
cxd5 exd5 9. Bd3 Bg4 10. h3 Bh5 11. Qc2 Bg6 12. O-O-O Nbd7 13. h4 Ne4 14. h5
Bf5 15. Bb4 Re8 16. Nh4 Be6 17. f4 Bg4 18. Rdg1 Ndf6 19. Be1 Rc8 20. Bxe4
Rxe4 21. Bf2 Qe7 22. Kb1 Rc7 23. Nf3 Bf5 24. Nh4 Bg4 25. Ka1 c5 26. dxc5
Rxc5 27. Qb3 a6 28. Nf3 Rb5 29. Qc3 Rc4 30. Qd3 Ne4 31. Bh4 Qb4 32. b3 Qc3+
33. Qxc3 Rxc3 34. Nd4 Rbc5 35. Re1 f6 36. Kb2 h6 37. b4 R5c4 38. a3 Rd3 39.
Rhg1 Rd2+ 40. Kb3 Rc3+ 41. Ka4 b5+ 42. Ka5 Rxa3+ 43. Kb6 Nd6 44. Kc5 Nc4 45.
Nf3 Rdd3 46. e4 Ne3 47. exd5 Rxd5+ 48. Kb6 Nc4+ 49. Kc6 Rd6+ 50. Kb7 Rd7+
51. Kc6 Rad3 52. Re8+ Kf7 53. Ne5+ fxe5 54. fxe5 Kxe8 55. Re1 Be6 56. Bg3
Rxg3 57. Rf1 Nxe5+ 58. Kb6 Rd6+ 59. Ka7 Rc3 60. g3 Rc7+ 61. Kb8 Rc8+ 62. Kb7
Nc4 63. g4 Rb6+ 64. Ka7 Rc7+ 65. Ka8 Bd5# {White checkmated} 0-1

[Event "ICC tourney 3263 (30 10)"]
[Site "Internet Chess Club"]
[Date "2023.08.19"]
[Round "4"]
[White "BAI, JEFFREY:Jeffchess"]
[Black "ANGEL, BORYS:BArkadia"]
[Result "0-1"]
[ICCResult "White resigns"]
[WhiteElo "1322"]
[BlackElo "1360"]
[Opening "Two knights defense"]
[ECO "C59"]
[NIC "KP.01"]
[Time "18:01:03"]
[PlyCount "112"]
[TimeControl "1800+10"]

1. e4 e5 2. Nf3 Nc6 3. Bc4 Nf6 4. Ng5 d5 5. exd5 Na5 6. Bb5+ c6 7. dxc6 bxc6
8. Be2 h6 9. Nf3 e4 10. Ng1 Bd6 11. c3 O-O 12. b4 Nb7 13. Bb2 Nd5 14. Bc4
Nf4 15. g3 Nd3+ 16. Bxd3 exd3 17. Qf3 Qe7+ 18. Qe3 Qf6 19. Na3 Bg4 20. Qxd3
Rae8+ 21. Kf1 c5 22. h3 Bf5 23. Qd5 Be4 24. Qxe4 Rxe4 25. Kg2 cxb4 26. Nc2
Nc5 27. Ne1 Nd3 28. Nxd3 bxc3 29. Bxc3 Qe6 30. Nf3 Qd5 31. Nde1 Bc5 32. Nc2
Re2 33. Ne3 Bxe3 34. dxe3 Rxa2 35. Rhd1 Qb3 36. Nd4 Qb7+ 37. Nf3 Rxa1 38.
Rxa1 Rc8 39. Be1 Rc2 40. g4 Rb2 41. Ra4 Re2 42. Rb4 Qc6 43. Rb1 Kh7 44. Kg3
Qc7+ 45. Kg2 Ra2 46. Nd4 a5 47. Kf3 a4 48. Ke4 a3 49. Rb3 Qe7+ 50. Kd3 Rb2
51. Rxb2 axb2 52. Kc2 Qa3 53. Bc3 b1=Q+ 54. Kxb1 Qxc3 55. Nf3 Qd3+ 56. Kc1
Qf1+ {White resigns} 0-1

[Event "ICC tourney 3263 (30 10)"]
[Site "Internet Chess Club"]
[Date "2023.08.19"]
[Round "4"]
[White "TRIPATHY, SIDDHARTH KESHAV:Sid907"]
[Black "Norena, Jonathan:jonathan7891"]
[Result "1-0"]
[ICCResult "Black resigns"]
[WhiteElo "1224"]
[BlackElo "1045"]
[Opening "Caro-Kann defense"]
[ECO "B15"]
[NIC "CK.05"]
[Time "18:00:22"]
[PlyCount "105"]
[TimeControl "1800+10"]

1. e4 c6 2. d4 d5 3. Nc3 a6 4. Nf3 Bg4 5. Be2 e6 6. h3 Bxf3 7. Bxf3 c5 8.
exd5 exd5 9. Nxd5 Nf6 10. Nxf6+ Qxf6 11. c3 Ra7 12. O-O cxd4 13. Re1+ Be7
14. Qxd4 Qxd4 15. cxd4 Nc6 16. Bxc6+ bxc6 17. Bg5 f6 18. Bf4 O-O 19. Rad1
Rd7 20. Re2 Rfd8 21. Red2 Bb4 22. Rd3 c5 23. d5 Ba5 24. Kh2 g5 25. Bg3 f5
26. f4 h6 27. fxg5 hxg5 28. Be5 g4 29. hxg4 fxg4 30. Kg3 Re8 31. Bf4 Re2 32.
Ra3 Be1+ 33. Kxg4 Rg7+ 34. Kf3 Rgxg2 35. Re3 Rgf2+ 36. Ke4 Rxb2 37. Ke5 Bd2
38. Rg3+ Kf7 39. Rxd2 Rbxd2 40. Bxd2 Rxd2 41. Ra3 Re2+ 42. Kd6 c4 43. Rxa6
c3 44. a4 Ra2 45. Rc6 c2 46. Kd7 Kg7 47. d6 Kf6 48. Kc8 c1=R 49. Rxc1 Rxa4
50. d7 Ra8+ 51. Kb7 Rd8 52. Kc7 Ke7 53. Re1+ {Black resigns} 1-0